Map: [ESL] Data-C

Players

NightMare - Winner!

  • Race: Protoss Protoss
  • Spawn Location: 9:00

Cham

  • Race: Zerg Zerg
  • Spawn Location: 3:00

Event: HomeStory Cup XXII

VOD

Have the link to the VOD?

Description

Time

  • Played on: Dec. 15, 2022, 10:42 a.m.
  • Length: 11:48

All games in this series

Show
View Real Time Build Order
Export as new Build Order

NightMare Protoss - Winner!

Build Orders: 1 Gate Expand, Oracle Opening, Zealot Archon 

Get SALT Encoding   

  12  0:00  Probe  
  13  0:12  Probe  
  14  0:19  Pylon  
  14  0:24  Probe  
  15  0:37  Probe (Chrono Boost)  
  15  0:39  Gateway  
  16  0:47  Probe (Chrono Boost)  
  17  0:50  Assimilator  
  17  0:52  Probe (Chrono Boost)  
  18  1:04  Probe  
  19  1:16  Probe  
  20  1:27  Nexus  
  20  1:37  Cybernetics Core  
  20  1:41  Probe  
  20  1:46  Assimilator  
  21  1:53  Probe  
  22  1:55  Pylon  
  22  2:05  Probe  
  23  2:12  Stalker (Chrono Boost)  
  25  2:17  Probe  
  26  2:25  Stargate  
  26  2:29  Probe  
  27  2:33  Warp Gate  
  27  2:39  Adept  
  27  2:40  Probe (Chrono Boost)  
  27  2:41  Probe (Chrono Boost)  
  31  2:50  Probe x2 (Chrono Boost)  
  33  2:55  Probe x2 (Chrono Boost)  
  35  3:01  Gateway  
  35  3:07  Probe x2  
  35  3:09  Oracle (Chrono Boost)  
  40  3:17  Pylon  
  40  3:19  Probe  
  41  3:21  Probe  
  41  3:25  Adept  
  44  3:31  Probe  
  44  3:33  Probe  
  46  3:36  Oracle (Chrono Boost)  
  49  3:43  Probe  
  49  3:44  Pylon  
  49  3:45  Probe  
  51  3:55  Probe  
  52  3:57  Probe  
  52  4:02  Nexus  
  53  4:05  Pylon  
  53  4:08  Probe  
  53  4:09  Probe  
  55  4:10  Twilight Council  
  55  4:16  Assimilator  
  55  4:21  Probe x2  
  57  4:24  Robotics Facility  
  57  4:26  Assimilator  
  57  4:31  Shield Battery  
  57  4:33  Probe x2  
  59  4:45  Adept, Probe x2  
  56  4:46  Adept  
  56  4:47  Gateway  
  56  4:49  Gateway  
  61  5:02  Probe x2  
  61  5:05  Templar Archives  
  63  5:07  Adept  
  63  5:09  Shield Battery  
  63  5:11  Shield Battery  
  65  5:15  Probe x3, Pylon  
  68  5:28  Probe x2  
  68  5:29  Probe  
  68  5:35  Sentry x2  
  75  5:38  Pylon  
  75  5:40  Shield Battery  
  75  5:46  Adept x2  
  75  5:48  Probe x2  
  71  5:54  Shield Battery  
  69  5:59  Adept x2  
  69  6:00  Shield Battery  
  69  6:01  Probe x3  
  67  6:07  Adept  
  67  6:09  Adept  
  65  6:11  Charge (Chrono Boost)  
  65  6:13  Probe x3 (Chrono Boost)  
  68  6:18  Gateway  
  68  6:20  Gateway  
  68  6:24  High Templar x2  
  68  6:25  Probe x3 (Chrono Boost)  
  75  6:27  Shield Battery  
  75  6:29  Archon  
  75  6:30  Gateway  
  75  6:32  Zealot, Probe x2 (Chrono Boost)  
  77  6:37  Zealot  
  77  6:43  Shield Battery  
  77  6:45  Probe x2  
  77  6:46  Probe  
  80  6:47  Gateway  
  80  6:48  Pylon  
  80  6:57  High Templar x2  
  80  6:58  Zealot x2  
  80  6:59  Probe x3  
  91  7:01  Archon, Assimilator  
  91  7:04  Assimilator  
  91  7:06  Warp Prism (Chrono Boost)  
  91  7:07  Pylon  
  93  7:16  Probe x2  
  95  7:26  Forge  
  95  7:28  High Templar x2  
  95  7:29  Zealot x3  
  105  7:30  Zealot x2  
  105  7:32  Pylon  
  105  7:36  Archon  
  109  7:44  Nexus  
  109  7:55  High Templar  
  109  7:56  Zealot x2, High Templar  
  109  7:57  High Templar  
  119  8:00  Archon  
  119  8:07  Zealot x2, High Templar  
  119  8:11  Photon Cannon  
  125  8:17  Robotics Bay  
  125  8:18  Probe x3  
  125  8:19  Robotics Facility  
  125  8:21  Protoss Ground Weapons Level 1 (Chrono Boost), Pylon  
  125  8:24  Archon  
  125  8:28  Pylon x2  
  125  8:31  Pylon  
  114  8:34  Zealot  
  114  8:35  Probe x2  
  110  8:42  Zealot x3  
  110  8:44  Probe  
  110  8:46  Zealot x4  
  110  8:47  Probe  
  122  8:55  Void Ray (Chrono Boost)  
  124  9:01  Shield Battery  
  124  9:02  Disruptor (Chrono Boost)  
  124  9:03  Disruptor (Chrono Boost)  
  124  9:06  Shield Battery  
  130  9:14  Sentry x2  
  130  9:15  Sentry  
  134  9:22  Zealot x4  
  130  9:25  Zealot  
  130  9:28  Disruptor (Chrono Boost)  
  122  9:32  Disruptor (Chrono Boost)  
  116  9:39  Zealot x3  
  120  9:49  Zealot x5  
  130  9:56  Observer (Chrono Boost)  
  130  9:57  Pylon  
  125  10:00  Dark Shrine  
  125  10:08  Nexus  
  125  10:09  Pylon  
  125  10:17  Shield Battery  
  125  10:20  Shield Battery  
  125  10:21  Shield Battery  
  125  10:39  Zealot x6  
  131  10:46  Photon Cannon  
  131  10:47  Photon Cannon  
  131  10:49  Pylon  
  131  10:51  High Templar x2  
  135  10:57  Archon  
  135  11:00  High Templar x2  
  135  11:01  High Templar x2  
  135  11:02  High Templar x2  
  147  11:04  Probe x3  
  147  11:07  Archon x3, Photon Cannon  
  150  11:12  Pylon  
  147  11:31  Zealot x2  
  140  11:35  Zealot x6  
Show
View Real Time Build Order
Export as new Build Order

Cham Zerg 

Build Orders: Hatch First 

Get SALT Encoding   

  12  0:00  Drone  
  13  0:13  Overlord  
  13  0:17  Drone  
  14  0:32  Drone x2  
  16  0:50  Hatchery  
  16  0:52  Drone  
  16  0:57  Drone  
  16  0:59  Drone  
  18  1:13  Spawning Pool  
  18  1:15  Extractor  
  18  1:17  Drone  
  17  1:20  Drone  
  18  1:30  Drone  
  19  1:45  Drone  
  20  1:55  Overlord  
  20  2:00  Queen  
  22  2:02  Queen  
  22  2:03  Drone  
  22  2:04  Drone  
  26  2:11  Drone  
  26  2:14  Drone  
  28  2:16  Metabolic Boost  
  28  2:22  Overlord  
  28  2:24  Drone  
  29  2:40  Drone x2  
  29  2:41  Queen  
  33  2:44  Queen  
  35  2:52  Drone  
  35  2:53  Overlord  
  36  2:58  Drone  
  36  2:59  Drone  
  36  3:05  Drone  
  39  3:08  Drone  
  40  3:14  Drone x3  
  40  3:16  Drone x2  
  40  3:17  Drone  
  46  3:25  Hatchery  
  45  3:32  Drone  
  45  3:33  Baneling Nest  
  45  3:34  Spore Crawler  
  45  3:36  Spore Crawler  
  45  3:39  Overlord  
  43  3:44  Queen  
  45  3:48  Overlord  
  45  4:00  Drone  
  45  4:01  Drone x6  
  51  4:04  Overlord  
  51  4:06  Drone  
  52  4:13  Drone  
  53  4:17  Overlord  
  53  4:18  Zergling x2  
  53  4:19  Zergling x8  
  53  4:20  Zergling x2  
  59  4:30  Zergling x4  
  60  4:43  Zergling x12  
  65  4:49  Zergling x2  
  66  4:59  Zergling x2  
  68  5:00  Zergling x10  
  68  5:06  Overlord  
  68  5:07  Zergling x2  
  68  5:08  Lair  
  68  5:12  Baneling, Roach Warren  
  68  5:13  Baneling x9, Extractor  
  67  5:16  Zergling x2  
  67  5:21  Zergling x6  
  69  5:22  Zergling x2  
  69  5:25  Zergling x4  
  74  5:33  Zergling x12  
  80  5:35  Baneling  
  80  5:36  Baneling x2  
  76  5:48  Zergling x12  
  75  5:50  Zergling x2, Baneling x2  
  75  5:53  Zergling x2  
  69  6:00  Zergling x8  
  66  6:07  Zergling x6  
  61  6:19  Drone x3  
  61  6:22  Glial Reconstitution  
  61  6:23  Extractor  
  61  6:24  Extractor  
  63  6:25  Drone  
  63  6:26  Drone x2  
  63  6:28  Drone x3  
  67  6:35  Drone x2  
  67  6:36  Drone x4  
  67  6:40  Drone  
  67  6:45  Drone  
  66  6:48  Overlord  
  66  6:51  Drone  
  67  6:54  Drone  
  67  6:55  Drone x2  
  67  6:59  Drone x4  
  74  7:01  Drone  
  74  7:02  Drone  
  74  7:05  Hatchery  
  74  7:06  Overlord  
  74  7:07  Evolution Chamber  
  74  7:09  Drone  
  74  7:10  Drone  
  74  7:12  Roach  
  78  7:15  Overlord  
  78  7:18  Extractor  
  78  7:20  Roach  
  78  7:22  Roach  
  81  7:23  Roach x2  
  81  7:24  Roach  
  81  7:27  Roach  
  89  7:30  Overlord  
  89  7:32  Roach x2  
  89  7:34  Roach  
  95  7:37  Overlord  
  95  7:38  Roach  
  95  7:40  Zerg Missile Weapons Level 1  
  95  7:42  Roach  
  95  7:43  Roach  
  101  7:48  Roach  
  101  7:49  Roach x2  
  101  7:50  Overlord  
  107  7:52  Roach  
  107  7:55  Roach x2  
  107  7:58  Roach  
  115  8:01  Overlord  
  115  8:02  Roach  
  115  8:04  Baneling x4  
  117  8:08  Roach x3  
  117  8:11  Overlord  
  117  8:12  Roach  
  125  8:17  Roach  
  125  8:18  Roach x2  
  131  8:21  Roach x2  
  135  8:29  Roach x3  
  139  8:34  Roach x4  
  139  8:35  Roach  
  147  8:42  Roach  
  147  8:43  Roach x3  
  155  8:49  Roach x2  
  155  8:51  Roach  
  155  8:54  Centrifugal Hooks  
  159  8:59  Roach, Overlord x2  
  160  9:07  Overseer  
  160  9:08  Overlord x2  
  146  9:30  Roach x13  
  150  9:34  Roach  
  150  9:37  Roach  
  132  9:40  Roach x3  
  132  9:45  Zerg Melee Weapons Level 1  
  122  9:49  Roach x3  
  126  9:55  Zergling x4  
  123  10:00  Zergling x2  
  123  10:01  Zergling x2  
  120  10:10  Ravager  
  120  10:11  Ravager  
  120  10:14  Zergling x26  
  121  10:16  Zergling x2  
  125  10:22  Zergling x4  
  122  10:29  Zergling x10  
  122  10:33  Zergling x2  
  122  10:34  Zergling x2  
  129  10:42  Zergling x2  
  129  10:43  Zergling x6  
  132  10:51  Baneling  
  132  10:52  Baneling x11  
  132  10:54  Baneling x2  
  132  10:57  Baneling x2  
  132  10:58  Baneling  
  132  11:01  Zergling x2  
  132  11:02  Zergling x2  
  134  11:04  Baneling x3  
  134  11:05  Baneling  
  123  11:25  Roach x4  
Tags
 
Add a new tag
Caveats
  • Supply blocks, unpowered buildings, or Contaminate may cause inaccurate times.
  • Supply counts are checked every 10 seconds.